 Dungeon Crawl Stone Soup version 0.23-a0-402-g64599a10a2 (webtiles) character file.

8 Azzok the Firebug (level 2, 17/19 HPs)
             Began as a Demonspawn Fire Elementalist on Nov 4, 2018.
             Quit the game on level 1 of the Dungeon.
             The game lasted 00:01:36 (631 turns).

Azzok the Firebug (Demonspawn Fire Elementalist)     Turns: 631, Time: 00:01:37

Health: 17/19      AC:  2    Str:  8    XL:     2   Next: 0%
Magic:  5/5        EV: 12    Int: 16    God:
Gold:   28         SH:  0    Dex: 13    Spells: 4/5 levels left

rFire    . . .     SeeInvis .   h - +2 dagger (freeze)
rCold    . . .     Gourm    .   (no shield)
rNeg     . . .     Faith    .   a - +0 robe
rPois    .         Spirit   .   (no helmet)
rElec    .         Reflect  .   (no cloak)
rCorr    .         Harm     .   (no gloves)
MR       .....                  (no boots)
Stlth    +++.......             (no amulet)
HPRegen  0.06/turn              (no ring)
MPRegen  0.09/turn              (no ring)

@: no status effects
A: nightstalker 1
a: no special abilities


You were on level 1 of the Dungeon.
You were not hungry.

You visited 1 branch of the dungeon, and saw 1 of its levels.

You collected 28 gold pieces.

Inventory:

Hand Weapons
 h - a +2 dagger of freezing (weapon)
Armour
 a - a +0 robe (worn)
Scrolls
 e - 2 scrolls of teleportation {unknown}
 f - a scroll of identify {unknown}
 g - a scroll of noise {unknown}
Potions
 d - a potion of flight {unknown}
Comestibles
 c - 3 rations


   Skills:
 - Level 1.7 Dodging
 - Level 1.7 Stealth
 - Level 2.0 Spellcasting
 + Level 1.5 Conjurations
 + Level 3.0 Fire Magic


You had 4 spell levels left.
You knew the following spells:

 Your Spells              Type           Power        Failure   Level  Hunger
a - Flame Tongue          Conj/Fire      #....        9%          1    #......

Your spell library contained the following spells:

 Spells                   Type           Power        Failure   Level  Hunger
 Throw Flame              Conj/Fire      #.....       12%         2    ###....
 Conjure Flame            Conj/Fire      #.......     24%         3    ###....
 Inner Flame              Hex/Fire       #.......     32%         3    ###....
 Sticky Flame             Conj/Fire      #.......     63%         4    #####..
 Fireball                 Conj/Fire      #.........   92%         5    ######.


Dungeon Overview and Level Annotations

Branches:
Dungeon (1/15)

Altars:


Innate Abilities, Weirdness & Mutations

You are slightly more attuned to the shadows.


Message History

The kobold shouts!
The bat barely misses you. The bat closely misses you.
The bat hits you but does no damage.
You hit the bat. You freeze the bat.
The bat is severely wounded.
The bat hits you. The bat completely misses you.
A giant cockroach comes into view.
You closely miss the bat.
The bat is severely wounded.
The bat barely misses you.
You hit the bat. You freeze the bat.
You kill the bat!
Your Fire Magic skill increases to level 3!
You hit the kobold. You freeze the kobold.
You kill the kobold!
You have reached level 2!
Your demonic ancestry asserts itself...
You slip into the darkness of the dungeon.
Are you sure you want to abandon this character and quit the game? (Confirm

▒·▒ ▒·▒
▒▒▒▒·····▒
▒·▒ ▒·▒
▒········▒
▒·▒ ▒·▒
▒·▒▒·····▒
▒·▒ ▒·▒
▒·▒▒·····▒
▒·▒ ▒·▒
▒·▒▒▒▒▒▒·▒
▒·▒ ▒·▒
▒·▒ ▒·▒
▒·▒ ▒·▒
▒·▒ ▒·▒
▒·▒ ▒·▒
▒·▒ ▒·▒
▒▒▒·▒ ▒@▒
▒·▒ ····▒
▒)▒ ▒·▒
▒▒▒▒▒ ▒s▒
▒·▒ ▒·▒
▒·▒▒▒▒▒▒
·$▒
▒···÷··▒
▒·▒
▒▒▒▒▒▒▒·▒
▒·▒
▒·······▒
···
····▒▒▒▒▒▒
·


You could see a giant cockroach.

Vanquished Creatures
  A giant cockroach (D:1)
  2 kobolds (D:1)
  2 bats (D:1)
  5 rats (D:1)
10 creatures vanquished.

Notes
Turn   | Place    | Note
-------+----------+-------------------------------------------
     0 | D:1      | Azzok the Demonspawn Fire Elementalist began the quest for
                  | the Orb.
     0 | D:1      | Reached XP level 1. HP: 13/13 MP: 3/3
   629 | D:1      | Reached skill level 3 in Fire Magic
   630 | D:1      | Gained mutation: You are slightly more attuned to the
                  | shadows. [demonic ancestry]
   630 | D:1      | Reached XP level 2. HP: 17/19 MP: 5/5
   631 | D:1      | Quit the game

Vault maps used:
D:1:      lightli_iron_boxes

Skill      XL: |  1 |
---------------+----+-----
Fire Magic     | 3 |  3.0
Dodging        | |  1.7
Stealth        | |  1.7
Spellcasting   | |  2.0
Conjurations   | |  1.5

Action                   || total
-------------------------++-------
Melee: Unarmed           ||     8
       Dagger            ||     5
 Cast: Flame Tongue      ||    15
 Stab: Sleeping          ||     1
Armor: Robe              ||     1
Dodge: Dodged            ||    12

Table legend:
 A = Non-vault XP
 B = Vault XP
 C = Vault XP percentage of total XP
 D = Non-vault monster count
 E = Vault monster count
 F = Vault count percentage of total count
                 A         B        C        D         E       F
            +---------+---------+-------+---------+---------+-------
      Total |      12 |       0 |   0.0 |      10 |       0 |   0.0
            +---------+---------+-------+---------+---------+-------
        D:1 |      12 |       0 |   0.0 |      10 |       0 |   0.0
            +---------+---------+-------+---------+---------+-------
